 Dungeon Crawl Stone Soup version 0.18.1-50-g88ac8fd (webtiles) character file.

135335 Chiseanne the Thaumaturge (level 16, -9/141 HPs)
             Began as a Centaur Air Elementalist on Oct 9, 2016.
             Was an Initiate of Gozag.
             Shot with a sling bullet by a satyr (32 damage)
             ... on level 3 of the Shoals on Oct 10, 2016.
             The game lasted 03:13:01 (42152 turns).

Chiseanne the Thaumaturge (CeAE)                   Turns: 42152, Time: 03:13:01

Health: -9/141     AC: 23    Str: 25    XL:     16   Next: 64%
Magic:  33/33      EV: 11    Int: 22    God:    Gozag
Gold:   1522       SH:  7    Dex: 14    Spells: 10 memorised, 15 levels left

rFire  + + .     SeeInvis +     a - +7 war axe (venom)
rCold  + . .     Gourm    .     T - +3 ring mail {rF+}
rNeg   . . .     Faith    .     D - +1 buckler of the Trees {Slay+2 SInv}
rPois  +         Spirit   .     b - +3 hat of the Stars {rF+ Str+4}
rElec  +         Dismiss  .     M - +2 cloak of Qyazubam {SInv}
rCorr  .         Reflect  .     C - +0 pair of gloves "Ytaeneorgh" {Regen+ Str+4 SInv}
SustAt .         Harm     .     x - +4 centaur barding
MR     +....                    (no amulet)
Stlth  +.........               t - ring "Neemaot" {*Drain rC+ Str+2 Int+3 Slay+5}
                                e - ring of Wovvej {+Fly rElec rPois Dex+4 Slay-3}

@: afraid, gold aura, slowed, glowing, repel missiles, somewhat resistant to
hostile enchantments, very unstealthy
A: hooves 3, deformed body, speed 2, strong 1, tough skin 3
a: Potion Petition, Call Merchant, Bribe Branch, Renounce Religion, Evoke Flight


You were on level 3 of the Shoals.
You worshipped Gozag.
Gozag was noncommittal.
You were not hungry.

You visited 5 branches of the dungeon, and saw 29 of its levels.
You also visited: Labyrinth and Volcano.

You collected 12121 gold pieces.
You spent 6351 gold pieces at shops.
You paid 4248 gold pieces to Gozag.

Inventory:

Hand Weapons
 a - a +7 war axe of venom (weapon)
 s - a +4 scimitar of flaming
Missiles
 S - 7 throwing nets (quivered)
Armour
 b - the +3 hat of the Stars (worn) {rF+ Str+4}
   (You bought it in a shop on level 2 of the Orcish Mines)

   It affects your strength (+4).
   It protects you from fire.
 x - a +4 centaur barding (worn)
 C - the +0 pair of gloves "Ytaeneorgh" (worn) {Regen+ Str+4 SInv}
   (You bought it in a shop on level 9 of the Dungeon)

   It affects your strength (+4).
   It lets you see invisible.
   It increases your rate of regeneration.
 D - the +1 buckler of the Trees (worn) {Slay+2 SInv}
   (You bought it in a shop on level 10 of the Dungeon)

   It affects your accuracy and damage with ranged weapons and melee attacks
   (+2).
   It lets you see invisible.
 M - the +2 cloak of Qyazubam (worn) {SInv}
   (You bought it in a shop on level 9 of the Dungeon)

   It lets you see invisible.
 N - a +2 helmet of see invisible
 T - a +3 ring mail of fire resistance (worn)
Jewellery
 e - the ring of Wovvej (left hand) {+Fly rElec rPois Dex+4 Slay-3}
   (You bought it in a shop on level 11 of the Dungeon)

   [ring of poison resistance]

   It affects your dexterity (+4).
   It affects your accuracy and damage with ranged weapons and melee attacks
   (-3).
   It insulates you from electricity.
   It protects you from poison.
   It lets you fly.
 k - an uncursed ring of flight
 t - the ring "Neemaot" (right hand) {*Drain rC+ Str+2 Int+3 Slay+5}
   (You bought it in a shop on level 11 of the Dungeon)

   [ring of protection from cold]

   It affects your strength (+2).
   It affects your intelligence (+3).
   It affects your accuracy and damage with ranged weapons and melee attacks
   (+5).
   It protects you from cold.
   It causes draining when unequipped.
 R - a +5 ring of intelligence
Wands
 J - a wand of teleportation (1/9)
 K - a wand of disintegration (5/24)
 Y - a wand of disintegration (3/24)
 Z - a wand of digging (0/24)
Scrolls
 f - a scroll of holy word
 n - 5 scrolls of recharging
 y - 8 scrolls of remove curse
 z - 3 scrolls of fog
 B - 9 scrolls of magic mapping
 F - 4 scrolls of fear
 I - 13 scrolls of teleportation
 U - 8 scrolls of identify
 W - 3 scrolls of blinking
Potions
 d - a potion of resistance
 i - a potion of flight
 m - 2 potions of cancellation
 A - 13 potions of curing
 V - 3 potions of magic
Comestibles
 c - 5 bread rations
 j - 14 meat rations


   Skills:
 - Level 12.9 Fighting
 - Level 9.2 Dodging
 - Level 1.2 Stealth
 - Level 10.0 Shields
 - Level 13.7 Spellcasting
 - Level 9.2 Conjurations
 - Level 7.0 Air Magic
 + Level 4.3 Evocations


You had 15 spell levels left.
You knew the following spells:

 Your Spells              Type           Power        Failure   Level  Hunger
a - Shock                 Conj/Air       ####         1%          1    None
b - Stone Arrow           Conj/Erth      #####.       2%          3    None
c - Static Discharge      Conj/Air       ######..     1%          3    None
d - Mephitic Cloud        Conj/Pois/Air  #####...     2%          3    None
e - Blink                 Tloc           N/A          12%         2    None
f - Repel Missiles        Chrm/Air       ####..       2%          2    None
g - Conjure Flame         Conj/Fire      #####...     2%          3    None
h - Apportation           Tloc           ###.......   10%         1    None
i - Lightning Bolt        Conj/Air       ######....   8%          5    ###....
j - Summon Lightning Spi  Summ/Air       ####....     17%         4    None


Dungeon Overview and Level Annotations

Branches:
Dungeon (15/15)            Temple (1/1) D:5            Lair (8/8) D:11
 Shoals (3/4) Lair:6       Spider (0/4) Lair:5        Slime (0/6) Lair:7
    Orc (2/2) D:12            Elf (0/3) Orc:2        Vaults (0/5) D:13
 Depths (0/5) D:15

Altars:
Cheibriados
Elyvilon
Fedhas
Gozag
Kikubaaqudgha
Makhleb
Nemelex Xobeh
Okawaru
Pakellas
Qazlal
Ru
Vehumet
Xom
Yredelemnul
Zin

Shops:
D:9 [   D:10 [   D:11 ?(=[}:   D:12 *=   D:13 ?   Orc:2 *[?([

Annotations:
D:4 Sagrath01's ghost, amateur DsWn


Innate Abilities, Weirdness & Mutations

You have hooves in place of feet.
Armour fits poorly on your strangely shaped body.
You cover ground very quickly.
You have extremely tough skin (AC +3).
Your muscles are strong. (Str +2)


Message History

* * * LOW HITPOINT WARNING * * *
The satyr completely misses you.
The water nymph gestures at you while chanting.
The water swirls and strikes you!
* * * LOW HITPOINT WARNING * * *
The water nymph no longer looks unusually strong.
You kill the water nymph!
The faun is no longer distracted by gold.
The satyr unwields an uncursed spear.
The satyr wields a greatsling.
The satyr shoots a sling bullet.
You block the sling bullet.
The faun shoots a stone.
The stone misses you.
You hear a splash.
The faun unwields an uncursed quarterstaff.
The faun wields a glowing hunting sling.
The faun shoots a sling bullet.
You block the sling bullet.
You see here a stone.
Drink which item? (? for menu, Esc to quit)
You feel better.
The satyr shoots a sling bullet.
The sling bullet hits you!!
You die...
Your body crumbles into a pile of gold.

...≈.≈≈≈..<..####..≈≈≈≈≈≈≈
#..≈≈≈.......#...≈≈≈≈≈≈≈
#..≈≈≈.≈........≈≈≈≈≈≈≈≈
##.>≈≈≈(((.≈≈≈.≈≈≈≈≈≈≈≈≈≈
.....≈≈≈(cc≈≈≈≈≈≈≈≈≈≈≈≈≈≈≈
....≈≈≈c(≈cc≈≈≈≈≈≈≈≈≈≈≈≈≈≈
≈≈.≈≈≈..(##$c≈≈≈≈≈≈≈≈≈≈≈≈≈
≈≈≈≈≈....##(≈..≈≈≈≈≈≈≈≈≈≈≈
≈≈≈cc≈≈..###@..≈≈≈≈≈≈≈≈≈≈
≈≈≈§c≈≈..# ##.≈≈≈≈≈≈≈≈≈≈
≈≈.§c≈.... ..≈≈≈≈≈≈≈≈≈
≈........ .(≈≈≈≈≈
......≈≈. .≈≈≈≈≈≈
....≈≈≈≈≈≈ ≈≈≈≈≈≈≈ ≈≈≈≈≈≈≈
≈≈≈≈≈≈≈


You could see a satyr and 4 fauns.

Vanquished Creatures
  Rupert (D:14)
  Gastronok (Lair:3)
  An emperor scorpion (D:15)
  An orc warlord (Orc:1)
  The ghost of Philosophy the Warrior, a journeyman MiBe of Trog (Lair:8)
  Nessos (D:14)
  Azrael (D:12)
  Snorg (D:10)
  A merfolk impaler (Shoals:1)
  A minotaur (Lab)
  A fire dragon (Lair:8)
  2 vault guards (D:13)
  Josephine (D:15)
  6 hydras
  A centaur warrior (D:13)
  2 catoblepae
  2 ogre magi
  A satyr (Shoals:3)
  4 death yaks
  A queen ant (D:13)
  A tengu warrior (D:14)
  4 orc high priests
  Nergalle (Orc:1)
  3 unseen horrors
  A sea snake (Shoals:1)
  2 wizards (D:13)
  A necromancer (D:13)
  4 harpies (Shoals:1)
  6 hill giants
  7 orc knights
  25 ugly things
  A deep elf mage (D:15)
  A faun (Shoals:3)
  4 orc sorcerers (Orc:2)
  2 griffons
  7 cyclopes
  3 manticores
  2 wolf spiders
  3 centaur zombies
  A black mamba (shapeshifter) (D:15)
  10 elephants
  A guardian serpent (Lair:8)
  12 black mambas
  2 water nymphs
  2 molten gargoyles (Volcano)
  23 spiny frogs
  19 komodo dragons
  3 efreet
  A freezing wraith (D:13)
  A yaktaur (D:13)
  7 kobold demonologists
  2 rime drakes
  A redback zombie (D:11)
  7 trolls
  2 merfolk (Shoals:1)
  A spriggan druid (Lair:7)
  10 polar bears
  3 wind drakes
  5 two-headed ogres
  A boulder beetle (Lair:6)
  15 blink frogs
  3 slime creatures
  72 yaks
  A centaur simulacrum (D:15)
  4 wraiths
  A shadow (D:15)
  Sigmund (D:3)
  2 vampires
  4 redbacks
  9 fire bats (Volcano)
  19 humans (D:13)
  5 basilisks
  7 wyverns
  3 fire elementals
  A hungry ghost (D:14)
  3 steam dragons
  A hippogriff (shapeshifter) (D:14)
  5 hippogriffs
  A vampire mosquito (D:15)
  9 wargs
  8 soldier ants
  5 mottled dragons
  Edmund (D:4)
  23 water moccasins
  4 hell hounds (D:12)
  11 porcupines
  3 sky beasts
  7 black bears
  2 ice beasts
  26 orc warriors
  4 wasps
  25 ogres
  A necrophage (D:10)
  An eye of draining (D:11)
  A phantom (D:9)
  12 wolves
  12 centaurs
  23 crocodiles
  9 big kobolds
  3 gnoll sergeants
  Blork the orc (D:4)
  22 giant frogs
  A wyvern zombie (D:13)
  A wyvern skeleton (D:15)
  6 scorpions
  7 killer bees
  16 wights
  8 howler monkeys
  3 electric eels
  4 giant frog zombies
  7 crimson imps
  6 jellies
  23 orc wizards
  3 gnoll shamans (D:10)
  17 orc priests
  9 hounds
  14 iguanas
  2 centaur skeletons
  4 giant frog skeletons
  Jessica (D:3)
  Terence (D:2)
  34 worker ants
  22 sheep
  A hound zombie (D:10)
  A hound skeleton (D:10)
  3 worker ant zombies
  28 gnolls
  32 adders
  36 river rats
  A shadow imp (D:15)
  2 oozes
  2 adder skeletons (D:4)
  5 dart slugs
  7 giant geckos
  81 orcs
  3 ball pythons
  9 bats
  6 giant cockroaches
  13 goblins
  9 hobgoblins
  15 jackals
  52 kobolds
  3 quokkas
  4 giant newts
  2 rats (D:1)
  8 fungi
  19 plants
1124 creatures vanquished.

Vanquished Creatures (others)
  A centaur skeleton (D:12)
  An orc priest (Orc:2)
  An orc (Orc:2)
  3 bushes (Lair:8)
  37 fungi
  44 plants
87 creatures vanquished.

Grand Total: 1211 creatures vanquished

Notes
Turn   | Place    | Note
--------------------------------------------------------------
     0 | D:1      | Chiseanne the Centaur Air Elementalist began the quest for the Orb.
     0 | D:1      | Reached XP level 1. HP: 14/14 MP: 3/3
   129 | D:1      | Reached skill level 1 in Conjurations
   158 | D:1      | Reached skill level 2 in Spellcasting
   158 | D:1      | Reached XP level 2. HP: 20/20 MP: 3/5
   667 | D:1      | Reached XP level 3. HP: 22/26 MP: 1/6
   728 | D:1      | Learned a level 3 spell: Static Discharge
   731 | D:1      | Learned a level 2 spell: Repel Missiles
   815 | D:1      | Found a sparkling altar of Nemelex Xobeh.
  1903 | D:2      | Noticed Terence
  1938 | D:2      | Killed Terence
  1938 | D:2      | Reached XP level 4. HP: 33/33 MP: 0/7
  3052 | D:3      | Noticed Jessica
  3061 | D:3      | Killed Jessica
  3061 | D:3      | Reached XP level 5. HP: 27/38 MP: 1/9
  3683 | D:3      | Noticed Sigmund
  3701 | D:3      | Killed Sigmund
  3701 | D:3      | Reached skill level 3 in Spellcasting
  3701 | D:3      | Reached XP level 6. HP: 45/45 MP: 1/10
  5354 | D:4      | Noticed Edmund
  5366 | D:4      | Killed Edmund
  5366 | D:4      | Reached XP level 7. HP: 37/50 MP: 1/12
  5785 | D:4      | Reached skill level 5 in Air Magic
  5843 | D:4      | Noticed Sagrath01's ghost (amateur DsWn)
  5908 | D:4      | Noticed Blork the orc
  5916 | D:4      | Killed Blork the orc
  5916 | D:4      | Reached skill level 4 in Spellcasting
  6721 | D:4      | Noticed a water elemental
  6723 | D:4      | Found a stormy altar of Qazlal.
  6724 | D:4      | Noticed a fire elemental
  6724 | D:4      | Noticed an air elemental
  6948 | D:5      | Entered Level 5 of the Dungeon
  7385 | D:5      | Found a staircase to the Ecumenical Temple.
  7494 | Temple   | Entered the Ecumenical Temple
  7519 | Temple   | Became a worshipper of Gozag Ym Sagoz the Greedy
  7631 | D:5      | Found a sparkling altar of Nemelex Xobeh.
  7794 | D:6      | Reached XP level 8. HP: 40/58 MP: 0/14
  7957 | D:6      | Reached skill level 1 in Fighting
  8575 | D:6      | Found an ancient bone altar of Kikubaaqudgha.
  8577 | D:6      | Found a blossoming altar of Fedhas.
  8598 | D:6      | Reached skill level 5 in Spellcasting
  8808 | D:6      | Found a glowing silver altar of Zin.
  8809 | D:6      | Found an oddly glowing altar of Pakellas.
  8809 | D:6      | Found a snail-covered altar of Cheibriados.
  8889 | D:6      | Found a basalt altar of Yredelemnul.
  9472 | D:7      | Found an iron altar of Okawaru.
  9868 | D:7      | Reached XP level 9. HP: 71/71 MP: 11/17
  9960 | D:7      | You fall through a shaft for 2 floors!
  9980 | D:9      | Learned a level 2 spell: Blink
  9984 | D:9      | Learned a level 3 spell: Mephitic Cloud
  9988 | D:9      | Learned a level 3 spell: Conjure Flame
 10049 | D:9      | Noticed a troll
 10477 | D:8      | Reached skill level 5 in Fighting
 10477 | D:8      | Reached skill level 6 in Spellcasting
 10529 | D:8      | Found a shimmering altar of Xom.
 10922 | D:9      | Bought a transparent cloak for 237 gold pieces
 10922 | D:9      | Bought a shiny helmet for 112 gold pieces
 10923 | D:9      | Identified the +2 cloak of Qyazubam {SInv} (You bought it in a shop on level 9 of the Dungeon)
 12712 | D:9      | Reached skill level 5 in Dodging
 12718 | D:9      | Bought a pair of warped gloves for 237 gold pieces
 12719 | D:9      | Identified the +0 pair of gloves "Ytaeneorgh" {Regen+ Str+4 SInv} (You bought it in a shop on level 9 of the Dungeon)
 12835 | D:9      | Killed a troll
 12835 | D:9      | Reached XP level 10. HP: 84/84 MP: 15/20
 12968 | D:10     | Entered Level 10 of the Dungeon
 12992 | D:9      | Reached skill level 7 in Spellcasting
 13090 | D:10     | Noticed a hill giant
 13732 | D:10     | Reached skill level 1 in Shields
 14011 | D:10     | Noticed Snorg
 14643 | D:10     | Noticed an unseen horror
 14658 | D:10     | Killed an unseen horror
 14692 | D:10     | Reached XP level 11. HP: 92/92 MP: 12/22
 14824 | D:10     | Killed a hill giant
 14824 | D:10     | Reached skill level 8 in Spellcasting
 14838 | D:10     | Killed Snorg
 15298 | D:10     | Bought a bloodstained buckler for 370 gold pieces
 15298 | D:10     | Identified the +1 buckler of the Trees {Slay+2 SInv} (You bought it in a shop on level 10 of the Dungeon)
 15314 | D:11     | Noticed a purple ugly thing
 15325 | D:10     | Killed a purple ugly thing
 15534 | D:11     | Reached skill level 9 in Spellcasting
 15645 | D:11     | Found a staircase to the Lair.
 15670 | D:10     | Bought a glowing helmet for 175 gold pieces
 15708 | D:11     | Found Liaph's Antique Weapon Emporium.
 15805 | D:11     | Found Imiacubb's Book Emporium.
 15878 | D:11     | Noticed a hill giant
 15888 | D:11     | Killed a hill giant
 16097 | D:11     | Found Tukohyteo's Gadget Shop.
 16294 | D:11     | Found Qoheufas's Magic Scroll Shoppe.
 16304 | D:11     | Bought a scroll of silence for 90 gold pieces
 16304 | D:11     | Bought a scroll of identify for 24 gold pieces
 16304 | D:11     | Bought a scroll of identify for 24 gold pieces
 16304 | D:11     | Bought 3 scrolls of teleportation for 108 gold pieces
 16340 | D:11     | Found Peohisku's Jewellery Boutique.
 16580 | D:12     | Reached skill level 5 in Shields
 16663 | D:12     | Noticed an unseen horror
 16684 | D:12     | Killed an unseen horror
 16922 | D:11     | Bought a scroll of teleportation for 36 gold pieces
 16922 | D:11     | Bought a scroll of magic mapping for 42 gold pieces
 16970 | D:12     | Noticed Azrael
 17011 | Lair:1   | Entered Level 1 of the Lair of Beasts
 17164 | Lair:1   | Learned a level 3 spell: Stone Arrow
 17295 | Lair:1   | Gained mutation: Your muscles are strong. (Str +2) [potion of beneficial mutation]
 17444 | Lair:1   | Learned a level 1 spell: Apportation
 17745 | Lair:1   | Reached XP level 12. HP: 103/103 MP: 20/25
 18525 | Lair:2   | Noticed a six-headed hydra
 18905 | D:11     | Bought a transparent war axe for 306 gold pieces
 18912 | D:11     | Identified the cursed +3 war axe "Idgham" {drain, +Rage rC+ rN+ Int-4} (You bought it in a shop on level 11 of the Dungeon)
 18989 | Lair:1   | Killed a six-headed hydra
 18989 | Lair:1   | Reached skill level 10 in Spellcasting
 19549 | Lair:2   | Reached skill level 10 in Fighting
 19807 | D:11     | Bought a polished trident for 306 gold pieces
 19808 | D:11     | Identified the cursed +2 trident "Amipoc" {pierce, rN+ Dex-2 Stlth+} (You bought it in a shop on level 11 of the Dungeon)
 21235 | Lair:3   | Noticed a six-headed hydra
 21255 | Lair:3   | Killed a six-headed hydra
 21471 | Lair:3   | Reached XP level 13. HP: 45/114 MP: 14/27
 21918 | Lair:3   | Noticed Gastronok
 21933 | Lair:3   | Killed Gastronok
 22070 | D:11     | Bought the ring "Neemaot" {*Drain rC+ Str+2 Int+3 Slay+5} for 810 gold pieces
 22208 | Lair:4   | Found a labyrinth entrance.
 22253 | Lab      | Entered a labyrinth
 22440 | Lab      | Noticed a minotaur
 22450 | Lab      | Killed a minotaur
 22486 | Lab      | Identified a +1 rod of shadows (9/9) (You found it in a labyrinth)
 22488 | Lab      | Identified a +3 rod of clouds (9/9) (You found it in a labyrinth)
 22493 | Lab      | Got an ichor-stained leather armour
 22504 | Lab      | Identified the +2 leather armour of the Dolphin {rN++} (You found it in a labyrinth)
 22534 | Lair:4   | Found a dark tunnel.
 22576 | Volcano  | Entered a volcano
 22712 | Volcano  | Found a bloodstained altar of Trog.
 22718 | Volcano  | Reached skill level 11 in Spellcasting
 23431 | Lair:4   | Got a shimmering leather armour
 23449 | Lair:4   | Identified the +3 leather armour of Fanaticism {MR+} (You found it on level 4 of the Lair of Beasts)
 23743 | Lair:5   | Found a hole to the Spider Nest.
 24628 | Lair:6   | Got an ichor-stained leather armour
 24629 | Lair:6   | Identified the cursed +1 leather armour of the Gusle {Str+3} (You found it on level 6 of the Lair of Beasts)
 25798 | Lair:6   | Reached XP level 14. HP: 65/126 MP: 5/29
 25937 | Lair:6   | Wingboner: Quaffed mutation. Got hunger+, 2x robust. Got a decent randart ring with hunger+. Another hunger+ I had as racial. This character's mom been a troll.
 25937 | Lair:6   | Chiseanne: hehe
 25937 | Lair:6   | Chiseanne: heya ..good morning
 25937 | Lair:6   | Wingboner: Morning's never good. I'm going to go shopping and then sleep till evening.
 25937 | Lair:6   | Chiseanne: thats evil devs playing tricks on you ;-P
 25937 | Lair:6   | Chiseanne: sounds like a plan...if youre rich enoug
 25937 | Lair:6   | Wingboner: But good whatever-it-is-at-your-place to you.
 25937 | Lair:6   | Chiseanne: I was hopeing more for a Hobiit sort of answer ;-)
 25937 | Lair:6   | Chiseanne: Hobbit
 26148 | Lair:6   | Wingboner: I'm a translator, working remotely. Can choose my hours, the fact that I can grab better job projects when others sleep helps too.
 26148 | Lair:6   | Chiseanne: I had sniper (heavy crossbow, never miss, vorpal + seeinvis yesterday...got killed in elves because couldnt evade any attacks :-/
 26148 | Lair:6   | Wingboner: Haha. It's extremely slow too.
 26148 | Lair:6   | Chiseanne: ok that sounds awesome actually
 26148 | Lair:6   | Chiseanne: yes..but the massive damage + nevermiss does pretty much make up for it I think..crossbow was at 12 so for more speed it needs to be much higher thatn that. max was 28
 26148 | Lair:6   | Wingboner: Yeah. It's the perfect job for me: I play/read/chat/watch (all of this improves my job skills too!), then when a job project pops up I do it and get back to whatever I was doing before.
 26148 | Lair:6   | Chiseanne: and couldnt find a blink anywhere
 26148 | Lair:6   | Chiseanne: that would have helped too
 26148 | Lair:6   | Chiseanne: I woiuld try that thing again :D
 26361 | Lair:6   | Wingboner: Hehe. I decided to start a CeAE, got all the books I need this time, now trying to survive till I get the skills for them.
 26432 | Lair:6   | Chiseanne: thats really hard..they learn really slow
 26432 | Lair:6   | Chiseanne: ev is a joke even if trained
 26432 | Lair:6   | Wingboner: Well, I got Che.
 26432 | Lair:6   | Chiseanne: Im curious if you can make it
 26432 | Lair:6   | Wingboner: 38/10/33 defences right now.
 26443 | Lair:6   | Wingboner: Got one rune.
 26452 | Lair:6   | Wingboner: The snake one. Took it by meleeing, only now learning my magic.
 26452 | Lair:6   | Chiseanne: yeah..I would be more convinced when u about to start hell ;-) lets see
 26452 | Lair:6   | Chiseanne: what weapon you got?
 26452 | Lair:6   | Wingboner: Sure. I'll probably go for 15 on this one.
 26452 | Lair:6   | Chiseanne: short potta break
 26452 | Lair:6   | Chiseanne: potty
 26452 | Lair:6   | Wingboner: A very nice one. Will switch to unarmed though.
 26452 | Lair:6   | Wingboner: ▒ ▒▒▒··≈≈≈·≈≈···)·(▒▒▒·······≈≈≈· Wp: a) +8,+7 demon blade (flame)
 26452 | Lair:6   | Chiseanne: thats nice
 26452 | Lair:6   | Chiseanne: got bladehands already?
 26497 | Lair:6   | Wingboner: Statueform.
 26512 | Lair:6   | Chiseanne: ok
 26749 | Lair:6   | Found a staircase to the Shoals.
 27513 | Lair:7   | Found a staircase to the Slime Pits.
 28222 | Lair:8   | Entered Level 8 of the Lair of Beasts
 28546 | Lair:8   | Reached skill level 12 in Spellcasting
 29092 | Lair:8   | Reached skill level 5 in Conjurations
 29572 | Lair:8   | Noticed Philosophy's ghost (journeyman MiBe)
 30193 | Lair:8   | Reached skill level 10 in Shields
 30875 | Lair:8   | Killed Philosophy's ghost
 31723 | D:11     | Bought a bloodstained flail for 306 gold pieces
 31723 | D:11     | Bought a warped mace for 288 gold pieces
 31724 | D:11     | Identified the +9 flail of the Shore {drain, MR+ Dex+2} (You bought it in a shop on level 11 of the Dungeon)
 31727 | D:11     | Identified the +6 mace "Demon's Death Toll" {freeze, Stlth+} (You bought it in a shop on level 11 of the Dungeon)
 31759 | D:11     | Bought a polished ring mail for 315 gold pieces
 31759 | D:11     | Bought a runed helmet for 157 gold pieces
 31778 | D:11     | Identified the +3 ring mail of Spring {rC+} (You bought it in a shop on level 11 of the Dungeon)
 31792 | D:12     | Found a staircase to the Orcish Mines.
 32036 | D:12     | Found Utyrhill's Demolitions Depot.
 32042 | D:12     | Wingboner: Died to a spectral titan, thought I could survive on healpots one more turn.
 32042 | D:12     | Wingboner: Okay, I really need to go do my shopping and then go to sleep.
 32042 | D:12     | Chiseanne: :D see? I told ya
 32042 | D:12     | Wingboner: Good luck.
 32042 | D:12     | Chiseanne: you too
 32042 | D:12     | Chiseanne: have a nice one ttyl
 32091 | D:12     | Bought a cursed ring of loudness for 54 gold pieces
 32416 | D:12     | Reached XP level 15. HP: 107/134 MP: 20/31
 32420 | D:12     | Killed Azrael
 33267 | D:14     | Learned a level 5 spell: Lightning Bolt
 33290 | D:14     | Noticed Rupert
 33329 | D:14     | Killed Rupert
 33756 | D:14     | Noticed Nessos
 33781 | D:14     | Killed Nessos
 35184 | D:13     | Found a gate to the Vaults.
 35204 | D:13     | Bought a scroll of enchant armour for 120 gold pieces
 35204 | D:13     | Bought a scroll of teleportation for 48 gold pieces
 35204 | D:13     | Bought a scroll of blinking for 120 gold pieces
 35204 | D:13     | Bought a scroll of teleportation for 48 gold pieces
 35204 | D:13     | Bought a scroll of enchant armour for 120 gold pieces
 35204 | D:13     | Bought a scroll of identify for 32 gold pieces
 35204 | D:13     | Bought a scroll of fog for 32 gold pieces
 35204 | D:13     | Bought a scroll of identify for 32 gold pieces
 35254 | D:13     | Reached skill level 13 in Spellcasting
 35928 | D:15     | Entered Level 15 of the Dungeon
 36984 | D:15     | Reached XP level 16. HP: 141/141 MP: 15/33
 37190 | D:15     | Found a staircase to the Depths.
 37651 | D:15     | Learned a level 4 spell: Summon Lightning Spire
 37756 | D:15     | Noticed Josephine
 37761 | D:15     | Killed Josephine
 38050 | Orc:1    | Entered Level 1 of the Orcish Mines
 38059 | Orc:1    | Noticed Nergalle
 38421 | Orc:1    | Killed Nergalle
 39148 | Orc:2    | Entered Level 2 of the Orcish Mines
 39167 | Orc:2    | Found a staircase to the Elven Halls.
 39373 | Orc:2    | Found Ried Iplaeg's Armour Shop.
 40486 | Orc:2    | Found Coniu's Magic Scroll Emporium.
 40486 | Orc:2    | Found Upluewed's Antique Weapon Shop.
 40512 | Orc:2    | Found Fov Ettemm's General Store.
 40512 | Orc:2    | Found Zopunwu's Antique Armour Shop.
 40544 | Orc:2    | Bought a transparent hat for 261 gold pieces
 40545 | Orc:2    | Identified the +3 hat of the Stars {rF+ Str+4} (You bought it in a shop on level 2 of the Orcish Mines)
 40558 | Orc:2    | Bought a brightly glowing morningstar for 288 gold pieces
 40559 | Orc:2    | Identified the +5 morningstar of Xom's Approval {drain, rC+} (You bought it in a shop on level 2 of the Orcish Mines)
 40565 | Orc:2    | Bought a scroll of identify for 28 gold pieces
 40565 | Orc:2    | Bought a scroll of identify for 28 gold pieces
 40565 | Orc:2    | Bought a scroll of identify for 28 gold pieces
 40565 | Orc:2    | Bought a scroll of magic mapping for 49 gold pieces
 40565 | Orc:2    | Bought a scroll of teleportation for 42 gold pieces
 40565 | Orc:2    | Bought a scroll of identify for 28 gold pieces
 40565 | Orc:2    | Bought a scroll of identify for 28 gold pieces
 40568 | Orc:2    | Bought a bread ration for 90 gold pieces
 40568 | Orc:2    | Bought a potion of resistance for 180 gold pieces
 40568 | Orc:2    | Bought a potion of curing for 54 gold pieces
 40568 | Orc:2    | Bought a beef jerky for 27 gold pieces
 40568 | Orc:2    | Bought a scroll of vulnerability for 135 gold pieces
 40568 | Orc:2    | Bought a meat ration for 90 gold pieces
 41149 | D:11     | Bought the ring of Wovvej {+Fly rElec rPois Dex+4 Slay-3} for 446 gold pieces
 41356 | Shoals:1 | Entered Level 1 of the Shoals
 41367 | Shoals:1 | Reached skill level 1 in Evocations
 42152 | Shoals:3 | Shot with a sling bullet by a satyr

Skill      XL: |  1  2  3  4  5  6  7  8  9 10 11 12 13 14 15 16 |
---------------+-------------------------------------------------+-----
Conjurations   | 1 2 3 4 6 9 |  9.2
Spellcasting   | 2 3 4 5 6 7 9 10 11 12 13 | 13.7
Air Magic      | 3 4 5 7 |  7.0
Fighting       | 4 6 7 8 10 12 | 12.9
Dodging        | 3 5 6 8 9 |  9.2
Shields        | 3 5 7 8 10 | 10.0
Evocations     | 4 |  4.3
Stealth        | |  1.2

Action                   |  1- 3 |  4- 6 |  7- 9 | 10-12 | 13-15 | 16-18 || total
-------------------------+-------+-------+-------+-------+-------+-------++-------
Melee: Short sword       |    67 |    38 |       |       |       |       ||   105
       Unarmed           |     5 |       |       |       |       |       ||     5
       Kick              |     7 |     6 |    26 |   142 |   353 |   134 ||   668
       Dagger            |       |    15 |       |       |       |       ||    15
       Hand axe          |       |     9 |   104 |       |       |       ||   113
       War axe           |       |       |   103 |   460 |  1039 |   371 ||  1973
       Scimitar          |       |       |       |       |    32 |     2 ||    34
Throw: Throwing net      |       |       |       |       |     1 |       ||     1
 Cast: Shock             |    73 |   138 |   244 |   358 |    89 |    18 ||   920
       Repel Missiles    |     1 |     1 |       |     1 |     1 |     1 ||     5
       Static Discharge  |       |     6 |    27 |    55 |    96 |     2 ||   186
       Blink             |       |       |     1 |     2 |    16 |     1 ||    20
       Stone Arrow       |       |       |       |    56 |   181 |    54 ||   291
       Mephitic Cloud    |       |       |       |    30 |    50 |    18 ||    98
       Conjure Flame     |       |       |       |     3 |    12 |     3 ||    18
       Apportation       |       |       |       |     1 |     3 |     1 ||     5
       Summon Lightning  |       |       |       |       |       |     2 ||     2
Invok: Call Merchant     |       |       |     1 |     1 |     3 |       ||     5
Evoke: Wand              |       |       |     5 |     1 |     5 |     9 ||    20
       Rod               |       |       |       |       |     1 |       ||     1
  Use: Scroll            |     6 |     5 |    15 |    13 |    19 |     4 ||    62
       Potion            |     2 |     2 |     2 |     1 |    16 |     5 ||    28
 Stab: Distracted        |       |       |     1 |     3 |     3 |       ||     7
       Confused          |       |       |       |     6 |     4 |     5 ||    15
       Petrified         |       |       |       |       |     2 |       ||     2
  Eat: Chunk             |     4 |    11 |     6 |       |       |       ||    21
       Fruit             |       |       |     7 |     5 |     4 |       ||    16
       Beef jerky        |       |       |     3 |     2 |     3 |     1 ||     9
       Pizza             |       |       |     1 |     2 |     2 |       ||     5
       Bread ration      |       |       |     2 |     3 |     8 |     4 ||    17
Armor: Robe              |    38 |    31 |    24 |       |       |       ||    93
       Skin              |    13 |     4 |       |       |       |       ||    17
       Ring mail         |       |       |   151 |   335 |   588 |   255 ||  1329
       Leather armour    |       |       |     6 |       |       |       ||     6
Dodge: Dodged            |    48 |    37 |   170 |   338 |   647 |   215 ||  1455
       Deflected         |     1 |       |     3 |     6 |     3 |     2 ||    15
Block: Buckler           |       |       |       |   141 |   473 |   159 ||   773
